 Dungeon Crawl Stone Soup version 0.24-a0-585-g5c5dc1b5cb (webtiles) character file.

Game seed: 6300053493886982180, levelgen mode: deterministic

4377 Mithandil the Fighter (level 10, -2/92 HPs)
             Began as a Minotaur Fighter on Sept 6, 2019.
             Slain by Erica
             ... wielding a +3 scimitar of flaming
              (8 damage)
             ... on level 8 of the Dungeon on Sept 7, 2019.
             The game lasted 00:32:45 (6321 turns).

Mithandil the Fighter (Minotaur Fighter)            Turns: 6321, Time: 00:32:47

Health: -2/92      AC: 12    Str: 25    XL:     10   Next: 13%
Magic:  18/18      EV: 13    Int:  5    God:
Gold:   379        SH: 12    Dex:  9    Spells: 9/9 levels left

rFire    . . .     SeeInvis .   a - +3 long sword
rCold    . . .     Gourm    .   c - +0 shield
rNeg     . . .     Faith    .   v - +4 troll leather armour
rPois    .         Spirit   .   (helmet restricted)
rElec    .         Reflect  .   J - +2 cloak
rCorr    .         Harm     .   q - +1 pair of gloves
MR       .....                  (no boots)
Stlth    +.........             (no amulet)
HPRegen  0.65/turn              E - +4 ring of protection
MPRegen  0.16/turn              H - ring of magical power

@: corroded, slowed, very slow
A: retaliatory headbutt, hooves 1, horns 2, iridescent scales 1
a: no special abilities


You were on level 8 of the Dungeon.
You were very hungry.

You visited 2 branches of the dungeon, and saw 11 of its levels.

You collected 512 gold pieces.
You spent 133 gold pieces at shops.

Inventory:

Hand Weapons
 a - a +3 long sword (weapon)
 b - a +0 hunting sling
 d - a +4 quarterstaff of chaos
 g - a +3 bardiche of chopping
 k - a +0 short sword
 u - a +4 flail
 w - a +2 vampiric dagger
 x - a +2 dagger of venom
 A - a +0 dagger of venom
 K - a +2 hand axe of chopping
Missiles
 h - 260 stones
 j - 37 poisoned darts
 s - 117 bolts
 C - 6 boomerangs (quivered)
 D - 20 sling bullets
Armour
 c - a +0 shield (worn)
 m - a +0 plate armour
 p - a +3 leather armour of cold resistance
 q - a +1 pair of gloves (worn)
 v - a +4 troll leather armour (worn)
 J - a +2 cloak (worn)
Jewellery
 E - a +4 ring of protection (left hand)
 H - a ring of magical power (right hand)
Wands
 F - a wand of paralysis (3)
Scrolls
 e - a scroll of fog
 n - a scroll of blinking
 o - 4 scrolls of remove curse
 y - 2 scrolls of identify
 B - 3 scrolls of teleportation
Potions
 i - 4 potions of curing
 l - a potion of flight
 r - a potion of might
 t - 2 potions of invisibility
 z - a potion of heal wounds
 G - a potion of cancellation
 L - a potion of agility {unknown}
Comestibles
 f - 14 rations
 I - 7 chunks of flesh


   Skills:
 * Level 9.7 Fighting
 * Level 9.2 Long Blades
 + Level 7.0 Armour
 + Level 5.5 Dodging
 * Level 9.6 Shields


You had 9 spell levels left.
You didn't know any spells.
Your spell library contained the following spells:

 Spells                   Type           Power        Failure   Level  Hunger
 Magic Dart               Conj           #...         75%         1    ##.....
 Passwall                 Tmut/Erth      #.......     87%         2    ###....
 Searing Ray              Conj           #.....       87%         2    ###....
 Song of Slaying          Chrm           #.......     87%         2    ###....
 Sticks to Snakes         Tmut           #.......     87%         2    ###....
 Swiftness                Chrm/Air       #.......     87%         2    ###....
 Dazzling Spray           Conj/Hex       #.....       98%         3    ####...
 Ozocubu's Armour         Chrm/Ice       #.......     98%         3    ####...
 Force Lance              Conj/Tloc      #.......     100%        4    #####..
 Fulminant Prism          Conj/Hex       #.........   100%        4    #####..
 Iskenderun's Mystic Bla  Conj           #.......     100%        4    #####..
 Summon Lightning Spire   Summ/Air       #.......     100%        4    #####..
 Blade Hands              Tmut           #.........   100%        5    ######.
 Silence                  Hex/Air        #.........   100%        5    ######.
 Yara's Violent Unravell  Hex/Tmut       #.........   100%        5    ######.
 Hydra Form               Tmut           #.........   100%        6    #######


Dungeon Overview and Level Annotations

Branches:
Dungeon (10/15)            Temple (1/1) D:4            Lair (0/6) D:9
    Orc: D:9-12

Altars:
Ashenzari
Cheibriados
Dithmenos
Gozag
Hepliaklqana
Nemelex Xobeh
Okawaru
Qazlal
Ru
Sif Muna
Trog
Vehumet
Wu Jian
Xom
Zin
The Shining One

Shops:
D:4 *   D:5 (

Annotations:
D:8 Erica


Innate Abilities, Weirdness & Mutations

You reflexively headbutt those who attack you in melee.
You have a pair of horns on your head.
You have large cloven feet.
You are partially covered in iridescent scales. (AC +2)


Message History

Something hits you. Something burns you.
You closely miss something. Your kick misses something.
You hear some strange, mumbled words.
You feel yourself slow down.
You hit something but do no damage. Your kick misses something.
You headbutt something.
You hear some strange, mumbled words.
An orb of energy appears from out of thin air!
The orb of energy misses you.
The orb of energy explodes!
You hear a shout!
You barely miss something. You kick something. Something hits you.
Something burns you.
You hit something but do no damage. Something hits you!
* * * LOW HITPOINT WARNING * * *
Something burns you.
* * * LOW HITPOINT WARNING * * *
Something hits you!
* * * LOW HITPOINT WARNING * * *
Something burns you!
You die...

...........###.#..<#
#.........>......#
#................#
+.......÷.........
#............[.#.
###..............#
..........#.>.....#
........÷<#....W..#
#.........##....@.##
#.........##...{.(.#
#.........###......#
.........# #......#
......................
........#####....)....
###...### #......<..
#......... #.........


You could see a phantom.

Vanquished Creatures
  A centaur skeleton (D:10)
  A troll (D:9)
  A hungry ghost (D:8)
  3 orc warriors
  An ice beast (D:4)
  A phantom (D:4)
  A sky beast (D:8)
  A black bear (D:6)
  2 centaurs
  5 ogres
  A necrophage (D:10)
  A bullfrog (D:6)
  15 killer bees
  3 scorpions
  2 howler monkeys (D:9)
  A crimson imp (D:7)
  A quasit (D:7)
  A hound (D:8)
  4 jellies
  12 orc wizards
  7 orc priests
  Crazy Yiuf (D:5)
  3 iguanas
  Natasha (thrice) (D:3)
  10 worker ants
  A killer bee zombie (D:7)
  A howler monkey zombie (D:7)
  10 adders
  A howler monkey skeleton (D:6)
  2 oozes
  An adder zombie (D:6)
  5 worms
  2 dart slugs
  7 leopard geckos
  42 orcs
  10 giant cockroaches
  8 goblins
  9 hobgoblins
  12 jackals
  10 kobolds
  A quokka (D:3)
  2 ball pythons
  6 bats
  4 frilled lizards
  A giant cockroach zombie (D:5)
  A quokka skeleton (D:5)
  6 rats
224 creatures vanquished.

Notes
Turn   | Place    | Note
-------+----------+-------------------------------------------
     0 | D:1      | Mithandil the Minotaur Fighter began the quest for the Orb.
     0 | D:1      | Reached XP level 1. HP: 19/19 MP: 0/0
   206 | D:1      | Reached XP level 2. HP: 27/27 MP: 1/1
   325 | D:2      | Reached XP level 3. HP: 32/33 MP: 2/2
   378 | D:2      | Reached skill level 1 in Dodging
  1051 | D:2      | Gained mutation: You have large cloven feet. [potion of
                  | mutation]
  1051 | D:2      | Gained mutation: You are partially covered in iridescent
                  | scales. (AC +2) [potion of mutation]
  1086 | D:2      | Reached XP level 4. HP: 41/41 MP: 3/3
  1690 | D:3      | Noticed Natasha
  1709 | D:3      | Killed Natasha
  1789 | D:3      | Noticed Natasha
  1796 | D:3      | Killed Natasha
  1796 | D:3      | Reached XP level 5. HP: 38/47 MP: 4/4
  1930 | D:3      | Noticed Natasha
  1937 | D:3      | Killed Natasha
  2216 | D:3      | Reached skill level 5 in Fighting
  2355 | D:4      | Found a large runed translucent door.
  2359 | D:4      | Found a large runed translucent door.
  2388 | D:4      | Reached skill level 5 in Shields
  2395 | D:4      | Reached XP level 6. HP: 26/56 MP: 5/5
  2398 | D:4      | Found a large runed translucent door.
  2398 | D:4      | Found a large runed translucent door.
  2828 | D:5      | Entered Level 5 of the Dungeon
  2862 | D:4      | Identified Sif Muna's Collected Works on Floating Changing
  2868 | D:4      | Identified the Reference Book on Good Luck and Shape
                  | Shifting
  2926 | D:4      | Reached XP level 7. HP: 59/62 MP: 6/6
  2950 | D:4      | Reached skill level 5 in Long Blades
  3165 | D:4      | Found Yreif's Assorted Antiques.
  3186 | D:4      | Reached skill level 5 in Armour
  3206 | D:4      | Bought a scroll of identify for 38 gold pieces
  3206 | D:4      | Bought a potion of heal wounds for 95 gold pieces
  3333 | D:4      | Identified the +8 scale mail of Grottiness {-Cast MR- rCorr
                  | SInv}
  3343 | D:4      | Reached XP level 8. HP: 48/71 MP: 7/7
  3527 | D:4      | Found a staircase to the Ecumenical Temple.
  3548 | Temple   | Entered the Ecumenical Temple
  3798 | D:5      | Found Kagecloa's Antique Weapon Boutique.
  3940 | D:5      | Found a runed translucent door.
  3941 | D:5      | Noticed Crazy Yiuf
  3948 | D:5      | Killed Crazy Yiuf
  4525 | D:6      | Found a shadowy altar of Dithmenos.
  4942 | D:6      | Reached XP level 9. HP: 81/81 MP: 8/8
  5136 | D:6      | Upgraded the game from 0.24-a0-584-g9d6b971ae4 to
                  | 0.24-a0-585-g5c5dc1b5cb
  5473 | D:7      | You fall into a shaft and drop 3 floors!
  5473 | D:10     | Entered Level 10 of the Dungeon
  5627 | D:9      | Found a staircase to the Lair.
  5634 | D:9      | Noticed a troll
  5646 | D:9      | Killed a troll
  5646 | D:9      | Reached skill level 5 in Dodging
  6057 | D:7      | Reached XP level 10. HP: 73/91 MP: 9/9
  6080 | D:7      | Found a shattered altar of Ashenzari.
  6293 | D:8      | Noticed Erica
  6321 | D:8      | Slain by Erica

Levels and vault maps discovered:
D:1:      eino_arrival_cavern_a, layout_loops_cross, minmay_strange_pillars,
          minmay_door_square
D:2:      layout_loops_cross
D:3:      layout_basic, uniq_natasha
D:4:      layout_basic, minmay_temple_entry_trees, serial_shops, shop_statue,
          minmay_hollow_rounded_squares
D:5:      layout_loops_ring, serial_shops, shop, first_ration,
          uniq_crazy_yiuf_cottage
D:6:      layout_loops_corners, nicolae_dithmenos_shadow_blocks
D:7:      layout_loops_ring, basic_altar, gammafunk_ghost_smash
D:8:      layout_basic, kennysheep_small_square, uniq_psyche, uniq_erica
D:9:      layout_loops_ring, grunt_temple_overflow_open, lair_entry_dummy,
          serial_shops, shop_statue, uniq_maurice, uniq_harold
D:10:     layout_gridville, orc_0_dummy
Temple:   eino_wide_crystal_templ

Skill      XL: |  1  2  3  4  5  6  7  8  9 10 |
---------------+-------------------------------+-----
Shields        | 4 5 6 8 9 |  9.6
Fighting       | 4 5 6 8 9 |  9.7
Long Blades    | 3 4 5 7 9 |  9.2
Dodging        | 1 2 3 4 5 |  5.5
Armour         | 4 5 6 7 |  7.0

Action                   |  1- 3 |  4- 6 |  7- 9 | 10-12 || total
-------------------------+-------+-------+-------+-------++-------
Melee: Long sword        |   110 |    93 |   329 |    71 ||   603
       Headbutt          |    16 |    10 |    56 |    10 ||    92
       Kick              |       |    24 |    94 |    18 ||   136
  Use: Scroll            |     4 |     5 |     7 |       ||    16
       Potion            |     2 |     4 |     3 |       ||     9
  Eat: Chunk             |       |     7 |    10 |     1 ||    18
Armor: Scale mail        |    43 |    33 |       |       ||    76
       Chain mail        |       |    34 |       |       ||    34
       Troll leather arm |       |     2 |   129 |    21 ||   152
Dodge: Dodged            |    38 |    26 |   132 |    51 ||   247
Block: Shield            |    63 |    32 |   194 |    62 ||   351
       Rpst.: Long sword |    11 |     9 |    41 |    13 ||    74

Table legend:
 A = Non-vault XP
 B = Vault XP
 C = Vault XP percentage of total XP
 D = Non-vault monster count
 E = Vault monster count
 F = Vault count percentage of total count
                 A         B        C        D         E       F
            +---------+---------+-------+---------+---------+-------
      Total |    5775 |     479 |   7.7 |     214 |      10 |   4.5
            +---------+---------+-------+---------+---------+-------
        D:1 |      49 |       0 |   0.0 |      30 |       0 |   0.0
        D:2 |      64 |       0 |   0.0 |      23 |       0 |   0.0
        D:3 |     136 |      35 |  20.5 |      18 |       1 |   5.3
        D:4 |     791 |     405 |  33.9 |      42 |       8 |  16.0
        D:5 |     353 |      39 |   9.9 |      18 |       1 |   5.3
        D:6 |     997 |       0 |   0.0 |      25 |       0 |   0.0
        D:7 |    1098 |       0 |   0.0 |      26 |       0 |   0.0
        D:8 |     636 |       0 |   0.0 |      11 |       0 |   0.0
        D:9 |     913 |       0 |   0.0 |      13 |       0 |   0.0
       D:10 |     738 |       0 |   0.0 |       8 |       0 |   0.0
            +---------+---------+-------+---------+---------+-------
